 Dungeon Crawl Stone Soup version 0.20-a0-214-gb74cb0e (console) character file.

579 Eviona the Destroyer (level 7, -7/36 HPs)
             Began as a Tengu Fire Elementalist on Nov 27, 2016.
             Shot with an arrow by a centaur (13 damage)
             ... on level 5 of the Dungeon.
             The game lasted 00:08:19 (4013 turns).

Eviona the Destroyer (Tengu Fire Elementalist)      Turns: 4013, Time: 00:08:20

Health: -7/36      AC:  2    Str:  8    XL:     7   Next: 36%
Magic:  5/11       EV: 12    Int: 18    God:
Gold:   118        SH:  0    Dex: 14    Spells: 4/10 levels left

rFire  . . .     SeeInvis .     d - +2 dagger (flame)
rCold  . . .     Gourm    +     a - +0 robe
rNeg   . . .     Faith    .     (no shield)
rPois  .         Spirit   .     (helmet restricted)
rElec  .         Reflect  .     (no cloak)
rCorr  .         Harm     .     (no gloves)
MR     .....                    (boots unavailable)
Stlth  ++........               j - amulet of the gourmand
                                (no ring)
                                (no ring)

@: no status effects
A: beak, talons 3, able to fly 1
a: Fly


You were on level 5 of the Dungeon.
You were very full.

You visited 1 branch of the dungeon, and saw 6 of its levels.

You collected 118 gold pieces.

Inventory:

Hand Weapons
 d - a +2 dagger of flaming (weapon)
Armour
 a - a +0 robe (worn)
Jewellery
 i - an uncursed amulet of rage
 j - an amulet of the gourmand (around neck)
 p - a cursed amulet of inaccuracy {unknown}
Scrolls
 g - 5 scrolls of identify {unknown}
 m - a scroll of enchant armour {unknown}
 n - a scroll of enchant weapon {unknown}
 t - a scroll of fog {unknown}
Potions
 e - 2 potions of haste {unknown}
 f - a potion of degeneration {unknown}
 h - 3 potions of curing
 k - a potion of brilliance {unknown}
 l - a potion of heal wounds {unknown}
 q - a potion of ambrosia {unknown}
Books
 b - a book of Flames

   Spells                             Type                      Level
   a - Flame Tongue                   Conjuration/Fire             1
   b - Throw Flame                    Conjuration/Fire             2
   c - Conjure Flame                  Conjuration/Fire             3
   d - Inner Flame                    Hexes/Fire                   3
   e - Sticky Flame                   Conjuration/Fire             4
   f - Fireball                       Conjuration/Fire             5
Comestibles
 c - 2 bread rations
 o - a beef jerky
 r - a slice of pizza
 s - 8 chunks of flesh


   Skills:
 - Level 2.1 Dodging
 - Level 2.0 Stealth
 - Level 2.0 Spellcasting
 - Level 9.2 Conjurations
 + Level 4.7 Fire Magic


You had 4 spell levels left.
You knew the following spells:

 Your Spells              Type           Power        Failure   Level  Hunger
a - Flame Tongue          Conj/Fire      ####.        1%          1    #......
b - Throw Flame           Conj/Fire      ####..       1%          2    ###....
c - Conjure Flame         Conj/Fire      ####....     3%          3    ###....


Dungeon Overview and Level Annotations

Branches:
Dungeon (6/15)
 Temple: D:4-7

Altars:
Xom


Innate Abilities, Weirdness & Mutations

You have a beak for a mouth.
You have claws for feet.
You can fly.


Message History

The centaur shoots an arrow.
The arrow hits you!
* * * LOW HITPOINT WARNING * * *
Casting: Flame Tongue
Confirm with . or Enter, or press ? or * to list all spells.
Aiming: Flame Tongue
Press: ? - help, Shift-Dir - straight line, f/p - centaur
Aim: a centaur, wielding a shortbow (almost dead)
The flame tongue hits the centaur.
You kill the centaur!
It was a potion of curing.
You feel better.
The centaur wields a shortbow.
The centaur shoots an arrow.
The arrow hits you!
* * * LOW HITPOINT WARNING * * *
Casting: Flame Tongue
Confirm with . or Enter, or press ? or * to list all spells.
Aiming: Throw Flame
Press: ? - help, Shift-Dir - straight line, f - centaur
Aim: a centaur, wielding a shortbow The puff of flame hits the centaur.
The centaur is moderately wounded.
The centaur shoots an arrow.
The arrow closely misses you.
The centaur shoots an arrow.
The arrow hits you!
You die...

.. #............# #...#
... #............###.#.#
.... #................#.#
..c.###.....).....####.#.#
...........>).)..........#
.#................########
..c...c(......%...# #.....
....###...........# #[####
c #...........# #.#
#(..........# #.#
#..@........###.#
####............#
##############


You could see a centaur.

Vanquished Creatures
  Grinder (D:3)
  2 centaurs
  An orc priest (D:3)
  A centaur skeleton (D:6)
  3 gnolls (D:5)
  4 adders
  An ooze (D:3)
  3 worms (D:2)
  2 dart slugs (D:1)
  4 leopard geckos
  9 orcs
  A ball python (D:1)
  2 giant cockroaches
  8 goblins
  4 hobgoblins
  4 jackals (D:3)
  A quokka (D:2)
  5 bats
  4 frilled lizards
  A jackal skeleton (D:4)
  8 kobolds
  4 rats
73 creatures vanquished.

Notes
Turn   | Place    | Note
-------+----------+-------------------------------------------
     0 | D:1      | Eviona the Tengu Fire Elementalist began the quest for the Orb.
     0 | D:1      | Reached XP level 1. HP: 10/10 MP: 4/4
    67 | D:1      | Reached skill level 2 in Conjurations
   186 | D:1      | Reached XP level 2. HP: 14/15 MP: 3/6
   283 | D:1      | Reached skill level 3 in Conjurations
   706 | D:1      | Reached XP level 3. HP: 13/19 MP: 1/7
   817 | D:1      | Reached skill level 4 in Conjurations
  1224 | D:2      | Found a faded altar of an unknown god.
  1685 | D:2      | Noticed a centaur
  1729 | D:3      | Reached XP level 4. HP: 20/24 MP: 2/8
  1873 | D:3      | Noticed Grinder
  1901 | D:3      | Reached skill level 5 in Conjurations
  2551 | D:2      | Killed a centaur
  2551 | D:2      | Reached skill level 7 in Conjurations
  2551 | D:2      | Gained mutation: You can fly. [Tengu growth]
  2551 | D:2      | Reached XP level 5. HP: 8/28 MP: 4/9
  2925 | D:2      | Learned a level 2 spell: Throw Flame
  2929 | D:2      | Learned a level 3 spell: Conjure Flame
  2958 | D:3      | Reached XP level 6. HP: 15/32 MP: 0/10
  3194 | D:3      | Found a shimmering altar of Xom.
  3316 | D:3      | Killed Grinder
  3316 | D:3      | Reached skill level 9 in Conjurations
  3316 | D:3      | Reached XP level 7. HP: 19/36 MP: 0/11
  3757 | D:3      | You fall through a shaft for 3 floors!
  3812 | D:5      | Entered Level 5 of the Dungeon
  4013 | D:5      | Shot with an arrow by a centaur

Vault maps used:
D:1:      dpeg_arrival_simpleton_c
D:2:      first_bread, chequers_ecumenical_altar_simple
D:3:      lemuel_doored_altar, uniq_grinder
D:4:      doesnt_xom_only_xom, uniq_menkaure
D:5:      grunt_decor_one_mirror, uniq_crazy_yiuf_cottage

Skill      XL: |  1  2  3  4  5  6  7 |
---------------+----------------------+-----
Conjurations   | 2 3 4 7 9 |  9.2
Fire Magic     | 4 |  4.7
Dodging        | |  2.1
Stealth        | |  2.0
Spellcasting   | |  2.0

Action                   |  1- 3 |  4- 6 |  7- 9 || total
-------------------------+-------+-------+-------++-------
Melee: Unarmed           |     7 |       |       ||     7
       Kick              |     1 |     5 |     2 ||     8
       Dagger            |       |    13 |     3 ||    16
       Peck              |       |     1 |       ||     1
 Cast: Flame Tongue      |    72 |    54 |     9 ||   135
       Throw Flame       |       |     6 |    14 ||    20
  Use: Potion            |       |       |     1 ||     1
 Stab: Distracted        |       |     1 |       ||     1
  Eat: Chunk             |     3 |    22 |     3 ||    28
Armor: Robe              |     3 |     7 |       ||    10
Dodge: Dodged            |    11 |    31 |     4 ||    46
